 Dungeon Crawl Stone Soup version 0.22-a0-259-gdd11e71 (webtiles) character file.

57 Amnesiac the Ducker (level 3, -3/19 HPs)
             Began as a Spriggan Fighter on Mar 5, 2018.
             Slain by a gnoll
             ... wielding a +0 flail
              (9 damage)
             ... on level 3 of the Dungeon.
             The game lasted 00:02:05 (1330 turns).

Amnesiac the Ducker (Spriggan Fighter)              Turns: 1330, Time: 00:02:06

Health: -3/19      AC:  2    Str: 18    XL:     3   Next: 73%
Magic:  0/4        EV: 19    Int:  9    God:
Gold:   61         SH:  6    Dex: 15    Spells: 2/2 levels left

rFire    x . .     SeeInvis +   a - +0 long sword
rCold    + . .     Gourm    .   c - +0 buckler
rNeg     . . .     Faith    .   b - +0 robe
rPois    .         Spirit   +   (helmet restricted)
rElec    .         Reflect  .   (no cloak)
rCorr    .         Harm     .   (gloves unavailable)
MR       .....                  (boots unavailable)
Stlth    +.........             k - amulet of guardian spirit
HPRegen  0.06/turn              e - ring of ice
MPRegen  0.09/turn              (no ring)

@: mighty, lethally poisoned (-3 -> -10), very quick
A: very small, unfitting armour, see invisible, herbivore, speed 3, slow
metabolism 2
a: no special abilities


You were on level 3 of the Dungeon.
You were not hungry.

You visited 1 branch of the dungeon, and saw 3 of its levels.

You collected 61 gold pieces.

Inventory:

Hand Weapons
 a - a +0 long sword (weapon)
Missiles
 l - 22 stones (quivered)
 o - 11 poisoned needles
Armour
 b - a +0 robe (worn)
 c - a +0 buckler (worn)
Jewellery
 e - a ring of ice (left hand)
 k - an amulet of guardian spirit (around neck)
Scrolls
 g - a scroll of enchant armour {!r, unknown}
 i - a scroll of fog {!r, unknown}
 j - a scroll of immolation {!r, unknown}
 m - a scroll of remove curse {!r, unknown}
 n - 2 scrolls of identify {!r, unknown}
 p - a scroll of amnesia {!r, unknown}
Potions
 h - a potion of lignification {!q, unknown}
Comestibles
 f - 6 rations


   Skills:
 - Level 2.4 Fighting
 + Level 3.4 Long Blades
 - Level 4.4 Dodging
 - Level 2.1 Shields


You had 2 spell levels left.
You didn't know any spells.

Dungeon Overview and Level Annotations

Branches:
Dungeon (3/15)

Altars:


Innate Abilities, Weirdness & Mutations

You are very small and have problems with some larger weapons.
You are too small for most types of armour.
You have supernaturally acute eyesight. (SInv)
You are a herbivore.
You cover ground extremely quickly.
You need to consume almost no food.


Message History

The jelly is severely wounded.
There is a stone staircase leading up here.
Throwing (i - inventory)
l - 28 stones (quivered)
Press: ? - help, Shift-Dir - straight line, f/p - jelly
Aim: a jelly (severely wounded)
You throw a stone. The stone hits the jelly.
The jelly is severely wounded.
Throwing (i - inventory)
l - 27 stones (quivered)
Press: ? - help, Shift-Dir - straight line, f/p - jelly
Aim: a jelly (severely wounded)
You throw a stone. The stone hits the jelly.
The jelly is almost dead.
Found a scroll labeled EPOM CUISYAZO.
Throwing (i - inventory)
l - 26 stones (quivered)
Press: ? - help, Shift-Dir - straight line, f/p - jelly
Aim: a jelly (almost dead)
You throw a stone. The stone hits the jelly.
The jelly is almost dead.
Throwing (i - inventory)
l - 25 stones (quivered)
Press: ? - help, Shift-Dir - straight line, f/p - jelly
Aim: a jelly (almost dead)
You throw a stone. The stone hits the jelly.
You kill the jelly!
Your Long Blades skill increases to level 3!
You have reached level 3!
Your experience leads to an increase in your attributes!
Increase (S)trength, (I)ntelligence, or (D)exterity?
You feel stronger.
Throwing (i - inventory)
l - 24 stones (quivered)
Press: ? - help, Shift-Dir - straight line, f - gnoll
Aim: a gnoll, wielding a whip You throw a stone.
The stone hits the gnoll.
The gnoll is lightly wounded.
Throwing (i - inventory)
l - 23 stones (quivered)
Press: ? - help, Shift-Dir - straight line, f/p - gnoll
Aim: a gnoll, wielding a whip (lightly wounded)
You throw a stone. The stone closely misses the gnoll.
The gnoll completely misses you.
You see here a stone.
You see here a stone.
You see here a stone.
You see here a stone.
You hit the scorpion.
The scorpion is lightly wounded.
The scorpion closely misses you.
You hit the scorpion but do no damage.
The scorpion is lightly wounded.
The scorpion misses you. The scorpion barely misses you.
You hit the scorpion but do no damage.
The scorpion is lightly wounded.
You block the scorpion's attack.
Really quaff
d - a potion of might {!q}?
You feel very mighty all of a sudden. The scorpion stings you.
* * * LOW HITPOINT WARNING * * *
You are lethally poisoned!
The scorpion poisons you! You block the gnoll's attack.
You slash the scorpion!
The scorpion is severely wounded.
* * * LOW HITPOINT WARNING * * *
You feel sick.
The scorpion stings you but does no damage.
The gnoll hits you with a flail!
You die...

### ..## ######### ...##
#...$...# .#..# #[......#
.##.## #.......# .##..###
#.......#
...(...###########......(#
.##..g..(((g(g.g@s.......#
..####....########.......#
#.## ####.## #.......#
...# #..# #.......# ..(#
##.## #<......# ...# #..#
####.#### ...## ##.####
#.g# ...<# #....# #.##
...(# ####.## #.#


You could see a scorpion and 3 gnolls.

Vanquished Creatures
  A jelly (D:3)
  2 dart slugs (D:1)
  A leopard gecko (D:1)
  2 giant cockroaches (D:2)
  5 goblins
  2 hobgoblins (D:1)
  A kobold (D:1)
  A quokka (D:2)
  3 bats
  2 frilled lizards
  A rat (D:1)
21 creatures vanquished.

Notes
Turn   | Place    | Note
-------+----------+-------------------------------------------
     0 | D:1      | Amnesiac the Spriggan Fighter began the quest for the Orb.
     0 | D:1      | Reached XP level 1. HP: 11/11 MP: 2/2
    82 | D:1      | Reached XP level 2. HP: 5/16 MP: 3/3
  1213 | D:3      | Noticed a scorpion
  1281 | D:3      | Reached XP level 3. HP: 7/19 MP: 4/4
  1330 | D:3      | Slain by a gnoll

Vault maps used:
D:1:      evilmike_arrival_sounds_zot, corexii_item_surrounded_by_moat
D:2:      makhleb_altar_promises_db
D:3:      st_stairs_10

Skill      XL: |  1  2 |
---------------+-------+-----
Long Blades    | 2 3 |  3.4
Fighting       | |  2.4
Dodging        | |  4.4
Shields        | |  2.1

Action                   || total
-------------------------++-------
Melee: Long sword        ||    72
Throw: Stone             ||    13
  Use: Potion            ||     1
Armor: Robe              ||     6
Dodge: Dodged            ||    66
Block: Buckler           ||    32
       Rpst.: Long sword ||    25

Table legend:
 A = Spawn XP
 B = Non-spawn XP
 C = Spawn XP percentage of total XP
 D = Spawn monster count
 E = Non-spawn monster count
 F = Spawn count percentage of total count
 G = Total turns spent on level
                    A         B        C        D         E        F      G
               +---------+---------+-------+---------+---------+-------+---------
         Total |       0 |      82 |   0.0 |       0 |      21 |   0.0 |  1330
               +---------+---------+-------+---------+---------+-------+---------
           D:1 |       0 |      23 |   0.0 |       0 |      11 |   0.0 |   275
           D:2 |       0 |      11 |   0.0 |       0 |       6 |   0.0 |   869
           D:3 |       0 |      48 |   0.0 |       0 |       4 |   0.0 |   186
               +---------+---------+-------+---------+---------+-------+---------
